 Dungeon Crawl Stone Soup version 0.17-a0-2220-g6fea741 (webtiles) character file.

133 xeno23 the Skirmisher (level 4, -2/35 HPs)
             Began as a Demonspawn Abyssal Knight on Oct 29, 2015.
             Was a Believer of Lugonu.
             Succumbed to an orc's poison
             ... on level 3 of the Dungeon.
             The game lasted 00:11:51 (2270 turns).

xeno23 the Skirmisher (Demonspawn Abyssal Knight)   Turns: 2270, Time: 00:11:51

Health: -2/35      AC:  7    Str: 13    XL:     4   Next: 94%
Magic:  6/6        EV:  7    Int: 13    God:    Lugonu [**....]
Gold:   115        SH: 13    Dex: 13    Spells: 0 memorised, 3 levels left

rFire  . . .     SeeInvis .     a - +1 falchion
rCold  . . .     Clarity  .     e - +0 leather armour (curse)
rNeg   . . .     SustAt   .     j - +2 large shield
rPois  .         Gourm    .     (no helmet)
rElec  .         Spirit   .     (no cloak)
rCorr  +         Warding  .     (no gloves)
rMut   .         Stasis   .     (no boots)
MR     .....                    p - amulet of resist corrosion
Stlth  +.........               (no ring)
                                (no ring)

@: lethally poisoned (-2 -> -42), not resistant to hostile enchantments, very
unstealthy
A: talons 1, iridescent scales 1
a: Depart the Abyss, Bend Space, Renounce Religion


You were on level 3 of the Dungeon.
You worshipped Lugonu.
Lugonu was pleased with you.
You were very hungry.

You visited 1 branch of the dungeon, and saw 3 of its levels.
You visited the Abyss 1 time.

You collected 115 gold pieces.

Inventory:

Hand Weapons
 a - a +1 falchion (weapon)
Missiles
 b - 11 poisoned needles
 d - 5 poisoned javelins (quivered)
 h - 26 sling bullets
 l - 71 stones
Armour
 e - a cursed +0 leather armour (worn)
 j - a +2 large shield (worn)
 k - a +0 ring mail
 m - a +1 scale mail
Jewellery
 p - an amulet of resist corrosion (around neck)
Scrolls
 g - a scroll of teleportation
Comestibles
 c - a bread ration
 i - 2 meat rations
 n - 3 fruits


   Skills:
 + Level 3.5 Fighting
 + Level 2.6 Long Blades
 + Level 2.5 Armour
 + Level 2.0 Dodging
 * Level 1.0 Shields
 + Level 3.1 Invocations


You had 3 spell levels left.
You didn't know any spells.

Dungeon Overview and Level Annotations

Branches:
Dungeon (3/15)

Altars:
Qazlal
Vehumet
Yredelemnul


Innate Abilities, Weirdness & Mutations

You have sharp toenails.
You are partially covered in iridescent scales (AC +4).


Message History

Drink which item? (? for menu, Esc to quit)
It was a potion of poison.
That liquid tasted very nasty...
You are more poisoned.
You feel very sick. You block the orc's attack.
You take 3 damage.
You closely miss the orc. Your kick misses the orc.
The orc is moderately wounded.
* * * LOW HITPOINT WARNING * * *
You feel very sick. You block the orc's attack.
You take 4 damage.
You closely miss the orc.
The orc is moderately wounded.
* * * LOW HITPOINT WARNING * * *
You feel very sick. The orc barely misses you.
The orc hits you with a whip of venom.
* * * LOW HITPOINT WARNING * * *
You are more poisoned.
You take 6 damage.
You die...

.>...) ..... ....
... .. g## #o# #.#
#####@###
##.......#
#........#
#........###
#.#####...........
#..............###
#######........#
#........#
#........#


You could see an orc and a goblin.

Vanquished Creatures
  2 orc wizards (D:3)
  3 adders
  2 worms (D:2)
  3 orcs (D:3)
  5 giant cockroaches
  4 goblins
  8 hobgoblins
  9 kobolds
  4 bats
  2 giant geckos (D:1)
  A giant newt (D:1)
  5 rats
48 creatures vanquished.

Notes
Turn   | Place    | Note
--------------------------------------------------------------
     0 | Abyss:1  | xeno23 the Demonspawn Abyssal Knight began the quest for the Orb.
     0 | Abyss:1  | Reached XP level 1. HP: 18/18 MP: 2/2
    98 | D:1      | Escaped the Abyss
   157 | D:1      | Reached skill level 1 in Dodging
   431 | D:1      | Gained mutation: You are partially covered in iridescent scales (AC +4). [demonic ancestry]
   431 | D:1      | Reached XP level 2. HP: 17/24 MP: 3/3
   435 | D:1      | Reached * piety under Lugonu
   874 | D:2      | Gained mutation: You have sharp toenails. [demonic ancestry]
   874 | D:2      | Reached XP level 3. HP: 24/29 MP: 5/5
  1116 | D:2      | Found a radiant altar of Vehumet.
  1164 | D:2      | Found a basalt altar of Yredelemnul.
  1164 | D:2      | Found a stormy altar of Qazlal.
  1623 | D:2      | Reached ** piety under Lugonu
  1818 | D:3      | Reached XP level 4. HP: 24/35 MP: 6/6
  2073 | D:3      | Reached skill level 1 in Shields
  2269 | D:3      | HP: 1/35 [orc/whip of venom (4)]
  2270 | D:3      | Succumbed to an orc's poison

Vault maps used:
D:1:      enne_arrival_octagon_isle
D:2:      vehumet_crystals, gammafunk_temple_overflow_elements
D:3:      first_bread, st_stairs_5

Action                   |  1- 3 |  4- 6 || total
-------------------------+-------+-------++-------
Melee: Falchion          |   153 |    66 ||   219
Invok: Depart the Abyss  |     1 |       ||     1
  Use: Scroll            |     5 |       ||     5
       Potion            |     2 |     1 ||     3
 Stab: Sleeping          |     1 |       ||     1
  Eat: Chunk             |     3 |     1 ||     4
